 Dungeon Crawl Stone Soup version 0.31.0-11-ge490571c62 (webtiles) character file.

Game seed: 7989183270122208065

19 qw the Shooter (level 2, 0/14 HPs)
             Began as a Spriggan Hunter on Feb 3, 2024.
             Succumbed to their own poison gas
             ... on level 1 of the Dungeon.
             The game lasted 00:00:10 (586 turns).

qw the Shooter (Spriggan Hunter)                     Turns: 586, Time: 00:00:10

Health: 0/14       AC:  2    Str:  7    XL:     2   Next: 55%
Magic:  3/3        EV: 19    Int: 10    God:
Gold:   31         SH:  0    Dex: 18    Spells: 1/1 levels left

rFire   . . .        g - +0 arbalest
rCold   . . .        (shield currently unavailable)
rNeg    . . .        c - +0 robe
rPois   .            (helmet restricted)
rElec   .            (no cloak)
rCorr   .            (gloves unavailable)
SInv    +            (boots unavailable)
Will    .....        (no amulet)
Stlth   ++           (no ring)
HPRegen 0.22/turn    (no ring)
MPRegen 0.08/turn

%: no passive effects
@: lethally poisoned (0 -> -9), very quick
A: very small, no large weapons, unfitting armour, see invisible, speed 3
a: no special abilities


You were on level 1 of the Dungeon.
You visited 1 branch of the dungeon, and saw 1 of its levels.

You collected 31 gold pieces.


Innate Abilities, Weirdness & Mutations

You are very small and have problems with some larger weapons.
You are too small for most types of armour.
You have supernaturally acute eyesight. (SInv)
You cover ground extremely quickly. (Speed+++)


   Skills:
 - Level 1.5 Fighting
 + Level 4.1 Ranged Weapons
 - Level 4.0 Dodging
 - Level 1.5 Stealth


You had one spell level left.
You didn't know any spells.
Your spell library was empty.

Inventory:

Hand Weapons
 g - a +0 arbalest (weapon)
Armour
 c - a +0 robe (worn)
Potions
 d - a potion of haste

Dungeon Overview and Level Annotations

Branches:
Dungeon (1/15)

Altars:


Message History

You shoot a bolt. The bolt hits the hobgoblin.
You kill the hobgoblin!
You see here a hobgoblin corpse.
Found a stone staircase leading down.
There is a stone staircase leading down here.
Done exploring.
Done exploring.
580 ||| READING scroll labelled WIDOUTEMEI.
The air fills with toxic fumes!
As you read the scroll labelled WIDOUTEMEI, it crumbles to dust.
It was a scroll of poison.
Done exploring.
581 ||| READING scroll labelled YTAZXO BOZEADISEFI.
As you read the scroll labelled YTAZXO BOZEADISEFI, it crumbles to dust.
It is a scroll of identify.
581 ||| IDENTIFYING ruby potion;
d - a potion of haste Done exploring.
582 ||| DROPPING scroll of butterflies.
You drop a scroll of butterflies.
Done exploring.
What level of the Dungeon? (default 1, ? - help) Sorry, I don't know how to get there.
Enter note:
Enter note:
Enter note:
Enter note:
Enter note:
Enter note:
Enter note:
Enter note:
Enter note: You are engulfed in poison gas.
You are lethally poisoned!
You feel very sick.
584 ||| Stepping ~*~*~tactically~*~*~ (cloud).
You feel sick.
You see here a scroll of butterflies.
There is a lethal amount of poison in your body!
You feel very sick.
There is a lethal amount of poison in your body!
You die...

######## #¤@¤¤¤0#
#¤####¤# ########
#.####.####......#
#.#.........#....#
#.#.##.####......##
#.#.......####.#...
#......##.# #...##
###.#####.# #####
#....##.########


There were no monsters in sight!

Vanquished Creatures
  A dart slug (D:1)
  A bat (D:1)
  An endoplasm (D:1)
  5 goblins (D:1)
  3 hobgoblins (D:1)
  A frilled lizard (D:1)
  2 kobolds (D:1)
14 creatures vanquished.

Notes
Turn   | Place    | Note
-------+----------+-------------------------------------------
     0 | D:1      | qw the Spriggan Hunter began the quest for the Orb.
     0 | D:1      | Reached XP level 1. HP: 10/10 MP: 2/2
     0 | D:1      | 0 ||| qw: Version: 0.3-a-155-g5e7d8dd
     0 | D:1      | 0 ||| qw: Game counter: 3062
     0 | D:1      | 0 ||| qw: Melee chars always use a shield: true
     0 | D:1      | 0 ||| qw: God list: Okawaru
     0 | D:1      | 0 ||| qw: Allow faded altars: false
     0 | D:1      | 0 ||| qw: Do Orc after clearing Dungeon:15 true
     0 | D:1      | 0 ||| qw: Do second Lair branch before Depths: true
     0 | D:1      | 0 ||| qw: Lair rune preference: random
     0 | D:1      | 0 ||| qw: Goals: Normal
     0 | D:1      | 0 ||| PLANNING D:1-11
   145 | D:1      | Reached skill level 3 in Dodging
   265 | D:1      | Reached XP level 2. HP: 10/14 MP: 3/3
   473 | D:1      | 473 ||| SWAPPING to +0 arbalest.
   474 | D:1      | 474 ||| DROPPING +0 shortbow.
   580 | D:1      | 580 ||| READING scroll labelled WIDOUTEMEI.
   581 | D:1      | 581 ||| READING scroll labelled YTAZXO BOZEADISEFI.
   581 | D:1      | 581 ||| IDENTIFYING ruby potion
   582 | D:1      | 582 ||| DROPPING scroll of butterflies.
   584 | D:1      | 584 ||| Stepping ~*~*~tactically~*~*~ (cloud).
   585 | D:1      | HP: 2/14 [poisoned by you (poison gas)]
   586 | D:1      | Succumbed to their own poison gas

Levels and vault maps discovered:
D:1:      amcnicky_arrival_double_pillar, layout_loops_cross

Skill      XL: |  1  2 |
---------------+-------+-----
Dodging        | 3 4 |  4.0
Fighting       | |  1.5
Ranged Weapons | |  4.1
Stealth        | |  1.5

Action                     || total
---------------------------++-------
   Fire: Shortbow          ||    28
         Arbalest          ||     2
    Use: Scroll            ||     2
 Armour: Robe              ||     1
  Dodge: Dodged            ||     1

Table legend:
 A = Non-vault XP
 B = Vault XP
 C = Vault XP percentage of total XP
 D = Non-vault monster count
 E = Vault monster count
 F = Vault count percentage of total count
                 A         B        C        D         E       F
            +---------+---------+-------+---------+---------+-------
      Total |      28 |       0 |   0.0 |      14 |       0 |   0.0
            +---------+---------+-------+---------+---------+-------
        D:1 |      28 |       0 |   0.0 |      14 |       0 |   0.0
            +---------+---------+-------+---------+---------+-------
